 Dungeon Crawl Stone Soup version 0.29-a0-103-g37f86683bf (webtiles) character file.

Game seed: 3507223748431612851

3 Ratty the Sneak (level 1, 0/16 HPs)
             Began as a Demonspawn Brigand on Feb 15, 2022.
             Slain by a ball python (1 damage)
             ... on level 1 of the Dungeon.
             The game lasted 00:01:50 (299 turns).

Ratty the Sneak (Demonspawn Brigand)                 Turns: 299, Time: 00:01:50

Health: 0/16       AC:  3    Str: 11    XL:     1   Next: 41%
Magic:  1/1        EV: 11    Int: 12    God:
Gold:   67         SH:  5    Dex: 14    Spells: 0/0 levels left

rFire   . . .      SeeInvis .   a - +2 dagger
rCold   . . .      Faith    .   (no shield)
rNeg    . . .      Spirit   .   b - +0 robe
rPois   .          Reflect  +   (no helmet)
rElec   .          Harm     .   c - +0 cloak
rCorr   .          Rampage  .   (no gloves)
Will    .....                   (no boots)
Stlth   ++........              h - amulet of reflection
HPRegen 0.05/turn               (no ring)
MPRegen 0.07/turn               (no ring)

@: no status effects
A: no striking features
a: no special abilities


You were on level 1 of the Dungeon.
You visited 1 branch of the dungeon, and saw 1 of its levels.

You collected 67 gold pieces.

Inventory:

Hand Weapons
 a - a +2 dagger (weapon)
Missiles
 d - 8 poisoned darts (quivered)
 e - 2 curare-tipped darts
 g - 34 stones
Armour
 b - a +0 robe (worn)
 c - a +0 cloak (worn)
Jewellery
 h - an amulet of reflection (around neck)
Scrolls
 f - a scroll of fear {unknown}
Potions
 i - a potion of heal wounds {unknown}


   Skills:
 + Level 2.0 Fighting
 + Level 1.7 Short Blades
 + Level 1.8 Throwing
 + Level 0.8 Dodging
 + Level 3.7 Stealth


You couldn't memorise any spells.
You didn't know any spells.
Your spell library was empty.

Dungeon Overview and Level Annotations

Branches:
Dungeon (1/15)

Altars:


Message History

Found 12 stones.
You see here a bat corpse.
Found a stone staircase leading down.
An endoplasm comes into view.
You see here a bat corpse.
You see here a bat corpse.
Found 12 gold pieces.
You see here a +0 whip.
You now have 42 gold pieces (gained 8).
You now have 54 gold pieces (gained 12).
You now have 67 gold pieces (gained 13).
A jackal comes into view.
The jackal barks!
You hear a bark!
A jackal comes into view.
A hobgoblin comes into view.
A jackal comes into view.
The hobgoblin hits you. The jackal bites you.
You closely miss the jackal.
The jackal bites you but does no damage. x2
The hobgoblin barely misses you. The jackal bites you. The jackal bites you.
Sorry, you're not good enough to have a special ability.
The jackal bites you.
* * * LOW HITPOINT WARNING * * *
You block the jackal's attack. You block the jackal's attack.
The jackal bites you but does no damage.
The jackal barely misses you.
The jackal barks!
The jackal closely misses you.
The jackal stops to sniff the ground.
The jackal barely misses you. The jackal bites you.
* * * LOW HITPOINT WARNING * * *
The jackal bites you.
* * * LOW HITPOINT WARNING * * *
A ball python comes into view.
The ball python hisses angrily.
Found a short sword.
The ball python bites you.
You die...

#### .. ...# .. #.#####
.######......
###.##.......### ...
..##..#.#.. ..### #.#
#..#....
......####.######....##.
).....S@h.g.............
##....###h.h..###....###
####.###.....# #.#..#
........#.###.##.###
####..#.#...#.##...#
..............##)#..
.###...###..........
#.... ####.##....
....#.#######..#....


You could see 3 jackals, a hobgoblin and a ball python.

Vanquished Creatures
  A hobgoblin (D:1)
  A bat (D:1)
  A frilled lizard (D:1)
  A kobold (D:1)
4 creatures vanquished.

Notes
Turn   | Place    | Note
-------+----------+-------------------------------------------
     0 | D:1      | Ratty the Demonspawn Brigand began the quest for the Orb.
     0 | D:1      | Reached XP level 1. HP: 16/16 MP: 1/1
   299 | D:1      | Slain by a ball python

Illustrated notes

Levels and vault maps discovered:
D:1:      dpeg_arrival_more_subterranean_lakeside_camping, layout_rooms,
          ebering_ecumenical_altar_webs, dk_noncrumbling_4

Action                   || total
-------------------------++-------
Melee: Dagger            ||    12
       Punch             ||     1
  Use: Potion            ||     1
Armor: Robe              ||     6
Dodge: Dodged            ||    13
Block: Other             ||     4

Table legend: (Time is in decaauts)
 A = Elapsed time spent in this place.
 B = Non-inter-level travel time spent in this place.
 C = Inter-level travel time spent in this place.
 D = Time resting spent in this place.
 E = Time spent auto-exploring this place.
 F = Levels seen in this place.
 G = Mean time per level.
                   A        B        C        D        E       F      G
               +--------+--------+--------+--------+--------+-----+--------+
         Total |    304 |    304 |      0 |      0 |      0 |   1 |  304.0 |
       Dungeon |    304 |    304 |      0 |      0 |      0 |   1 |  304.0 |
               +--------+--------+--------+--------+--------+-----+--------+

Top non-repeatable levels by time:
     D:1: 304 daAuts
